 Dungeon Crawl Stone Soup version 0.25.1-2-g60ff931df9 (webtiles) character file.

Game seed: 4027898545432046074

95 gruber the Insei (level 4, 0/32 HPs)
             Began as a Demonspawn Transmuter on Oct 22, 2020.
             Slain by a frilled lizard (2 damage)
             ... on level 4 of the Dungeon.
             The game lasted 00:03:14 (2156 turns).

gruber the Insei (Demonspawn Transmuter)            Turns: 2156, Time: 00:03:14

Health: 0/32       AC:  2    Str: 11    XL:     4   Next: 39%
Magic:  7/7        EV: 12    Int: 15    God:
Gold:   44         SH:  0    Dex: 13    Spells: 1/7 levels left

rFire    . . .     SeeInvis .     - Unarmed
rCold    . . .     Gourm    .   (no shield)
rNeg     . . .     Faith    .   b - +0 robe
rPois    .         Spirit   .   (no helmet)
rElec    .         Reflect  .   (no cloak)
rCorr    .         Harm     .   (no gloves)
MR       .....                  (no boots)
Stlth    +.........             (no amulet)
HPRegen  0.10/turn              (no ring)
MPRegen  0.10/turn              (no ring)

@: no status effects
A: hooves 1, powered by death 1
a: no special abilities


You were on level 4 of the Dungeon.
You were not hungry.

You visited 1 branch of the dungeon, and saw 3 of its levels.

You collected 44 gold pieces.

Inventory:

Missiles
 a - 47 arrows
 n - 7 javelins (quivered)
Armour
 b - a +0 robe (worn)
Scrolls
 c - 2 scrolls of magic mapping
 e - a scroll of teleportation {unknown}
 f - 2 scrolls of remove curse
 i - a scroll of fog {unknown}
 j - 2 scrolls of identify
 m - a scroll of fear {unknown}
Potions
 g - a potion of curing
 k - 2 potions of flight {unknown}
 l - a potion of ambrosia {unknown}
Comestibles
 d - 2 rations
 o - a chunk of flesh


   Skills:
 - Level 1.0 Fighting
 - Level 1.7 Dodging
 + Level 4.8 Unarmed Combat
 - Level 2.0 Spellcasting
 - Level 1.7 Transmutations


You had one spell level left.
You knew the following spells:

 Your Spells              Type           Power        Failure   Level  Hunger
a - Beastly Appendage     Tmut           #.....       11%         1    #......
b - Sticks to Snakes      Tmut           #.......     16%         2    ###....
c - Spider Form           Tmut/Pois      #.........   43%         3    ###....

Your spell library contained the following spells:

 Spells                   Type           Power        Failure   Level  Hunger
 Ice Form                 Ice/Tmut       #.......     83%         4    #####..
 Blade Hands              Tmut           #.........   96%         5    ######.


Dungeon Overview and Level Annotations

Branches:
Dungeon (2/15)

Altars:


Innate Abilities, Weirdness & Mutations

You have large cloven feet.
You regenerate a little health from kills.


Message History

The orc wizard mumbles some strange words.
The orc wizard flickers and vanishes!
Deactivating autopickup; reactivate with Ctrl-A.
The frilled lizard bites you but does no damage.
The centaur skeleton hits you. The frilled lizard bites you.
You closely miss the iguana. The iguana bites you!
As you read the scroll labeled ZAN LACVAI, it crumbles to dust.
It is a scroll of amnesia.
Really abort (and waste the scroll)?
Okay, then.
The frilled lizard barely misses you. The iguana bites you!
* * * LOW HITPOINT WARNING * * *
The hound closely misses you.
Unknown command.
Unknown command.
As you read the scroll labeled PASOYFYASCH, it crumbles to dust.
It is a scroll of identify.
g - a potion of curing The hound misses you.
The frilled lizard bites you.
You die...

### #.. ##.##
... #l########
#@oo.....#
#hlo.....#
#Z.o.....#
#.####l.......#
.l.............#
................
########.......#
#.......#
.?......#


You could see an iguana, a hound, 4 orcs, a leopard gecko, a frilled lizard and
a centaur skeleton.

Vanquished Creatures
  3 adders (D:2)
  A worm (D:2)
  3 dart slugs
  3 leopard geckos
  A giant cockroach (D:1)
  2 goblins
  5 hobgoblins
  5 jackals
  6 kobolds
  3 quokkas (D:2)
  A ball python (D:2)
  4 bats
  6 frilled lizards
  9 rats
52 creatures vanquished.

Vanquished Creatures (collateral kills)
  An adder (D:2)
  A kobold (D:2)
2 creatures vanquished.

Grand Total: 54 creatures vanquished

Notes
Turn   | Place    | Note
-------+----------+-------------------------------------------
     0 | D:1      | gruber the Demonspawn Transmuter began the quest for the
                  | Orb.
     0 | D:1      | Reached XP level 1. HP: 15/15 MP: 3/3
   141 | D:1      | You fall into a shaft and drop 1 floor!
   153 | D:2      | Reached skill level 3 in Unarmed Combat
   343 | D:2      | Gained mutation: You regenerate a little health from kills.
                  | [demonic ancestry]
   343 | D:2      | Reached XP level 2. HP: 14/21 MP: 3/5
   347 | D:2      | Learned a level 2 spell: Sticks to Snakes
   616 | D:2      | Reached XP level 3. HP: 9/26 MP: 6/6
   912 | D:1      | Reached skill level 4 in Unarmed Combat
  1550 | D:2      | Learned a level 3 spell: Spider Form
  1711 | D:2      | Lost mutation: You have claws for feet. [demonic ancestry]
  1711 | D:2      | Lost mutation: You have razor-sharp toenails. [demonic
                  | ancestry]
  1711 | D:2      | Lost mutation: You have sharp toenails. [demonic ancestry]
  1711 | D:2      | Gained mutation: You have large cloven feet. [demonic
                  | ancestry]
  1711 | D:2      | Reached XP level 4. HP: 27/32 MP: 2/7
  2149 | D:2      | You fall into a shaft and drop 2 floors!
  2156 | D:4      | Slain by a frilled lizard

Illustrated notes

Levels and vault maps discovered:
D:1:      dpeg_arrival_rhombus, layout_basic
D:2:      layout_rooms, chequers_serial_rivers_room_b
D:4:      layout_basic, kennysheep_okawaru_gauntlet, cheibriados_altar_1,
          uniq_natasha

Skill      XL: |  1  2  3 |
---------------+----------+-----
Unarmed Combat | 3 4 |  4.8
Fighting       | |  1.0
Dodging        | |  1.7
Spellcasting   | |  2.0
Transmutations | |  1.7

Action                   |  1- 3 |  4- 6 || total
-------------------------+-------+-------++-------
Melee: Unarmed           |   164 |    33 ||   197
       Headbutt          |     9 |     3 ||    12
       Punch             |     3 |       ||     3
       Kick              |     5 |     8 ||    13
 Cast: Beastly Appendage |    16 |     4 ||    20
       Sticks to Snakes  |     2 |     1 ||     3
  Use: Scroll            |     2 |     2 ||     4
 Stab: Sleeping          |     1 |       ||     1
  Eat: Chunk             |     3 |     2 ||     5
Armor: Robe              |    39 |    10 ||    49
Dodge: Dodged            |   101 |    28 ||   129
